 Dungeon Crawl Stone Soup version 0.28-a0-627-g4e9751bbfc (webtiles) character file.

Game seed: 15496566004179862519

88 EnegeticOcto the Cudgeller (level 4, -6/35 HPs)
             Began as a Demonspawn Abyssal Knight on Oct 8, 2021.
             Was a Believer of Lugonu.
             Mangled by Crazy Yiuf (18 damage)
             ... on level 2 of the Dungeon.
             The game lasted 00:04:47 (3928 turns).

EnegeticOcto the Cudgeller (DsAK)                   Turns: 3928, Time: 00:04:48

Health: -6/35      AC: 13    Str: 15    XL:     4   Next: 30%
Magic:  5/5        EV:  4    Int: 11    God:    Lugonu [**....]
Gold:   32         SH:  0    Dex: 13    Spells: 3/3 levels left

rFire   . . .      SeeInvis .   a - +2 mace
rCold   . . .      Faith    .   (no shield)
rNeg    . . .      Spirit   .   f - +0 plate armour
rPois   .          Reflect  .   (no helmet)
rElec   .          Harm     .   d - scarf {repulsion}
rCorr   .          Rampage  .   m - +0 pair of gloves
Will    .....                   (no boots)
Stlth   ..........              (no amulet)
HPRegen 0.11/turn               (no ring)
MPRegen 0.09/turn               (no ring)

@: repel missiles
A: yellow scales 1, powered by pain 1
a: Renounce Religion, Depart the Abyss, Bend Space


You were on level 2 of the Dungeon.
You worshipped Lugonu.
Lugonu was pleased with you.
You visited 1 branch of the dungeon, and saw 3 of its levels.
You visited the Abyss 1 time.

You collected 32 gold pieces.

Inventory:

Hand Weapons
 a - a +2 mace (weapon)
Missiles
 c - 110 stones
 g - 16 poisoned darts (quivered)
Armour
 d - a scarf of repulsion (worn)
   (You found it on level 2 of the Abyss)
 f - a +0 plate armour (worn)
   (You found it on level 1 of the Dungeon)
 l - a +0 cloak
   (You found it on level 2 of the Dungeon)
 m - a +0 pair of gloves (worn)
   (You found it on level 3 of the Dungeon)
Jewellery
 j - a ring of ice
   (You found it on level 2 of the Dungeon)
Scrolls
 b - a scroll of fear {unknown}
 h - a scroll of immolation {unknown}
 i - 3 scrolls of enchant weapon
Potions
 k - a potion of mutation


   Skills:
 + Level 3.1 Fighting
 - Level 4.0 Maces & Flails
 - Level 2.0 Armour
 - Level 0.8 Dodging
 - Level 0.4 Stealth
 - Level 2.4 Invocations


You had 3 spell levels left.
You didn't know any spells.
Your spell library contained the following spells:

 Spells                   Type           Power      Damage    Failure   Level
 Call Canine Familiar     Summ           0%         N/A       100%        3
 Portal Projectile        Hex/Tloc       0%         N/A       100%        3
 Leda's Liquefaction      Hex/Erth       0%         N/A       100%        4


Dungeon Overview and Level Annotations

Branches:
Dungeon (3/15)

Altars:
Hepliaklqana
Kikubaaqudgha
Yredelemnul

Annotations:
D:2 Crazy Yiuf


Innate Abilities, Weirdness & Mutations

You are partially covered in yellow scales. (AC +2)
You sometimes gain a little power by taking damage.


Message History

Done waiting.
What are your orders? t - Shout!
Orders for allies: a - Attack new target. r - Retreat! s - Stop attacking. g - Guard the area. f - Follow me.
Anything else - Cancel.
You shout for attention!
The endoplasm jiggles.
You start waiting.
The endoplasm jiggles.
Done waiting.
You open the large door. You sock the endoplasm!
You kill the endoplasm!
Lugonu accepts your kill.
No target in view!
No target in view!
No target in view!
No target in view!
No target in view!
No target in view!
No target in view!
No target in view!
There is a large open translucent door here.
Found an ancient bone altar of Kikubaaqudgha.
A quokka comes into view.
Found a hazy altar of Hepliaklqana.
Your plate armour prevents you from hitting the quokka.
The quokka bites you but does no damage.
You completely miss the quokka.
The quokka bites you but does no damage.
The quokka barely misses you.
You sock the quokka!
You kill the quokka!
Lugonu accepts your kill.
No target in view!
No target in view!
No target in view!
No target in view!
No target in view!
No target in view!
Done exploring.
Done exploring.
As you read the scroll labelled GUKHLE YLUI, it crumbles to dust.
It is a scroll of identify.
e - a potion of curing
As you read the scroll of identify {@r1}, it crumbles to dust.
k - a potion of mutation
Okay, then.
There is a large open translucent door here.
There is an open door here.
There is a stone staircase leading up here.
You climb upwards.
Level annotation: 1 runed translucent door, Crazy Yiuf
There is a stone staircase leading down here.
What are your orders? t - Shout!
Orders for allies: a - Attack new target. r - Retreat! s - Stop attacking. g - Guard the area. f - Follow me.
Anything else - Cancel.
You shout for attention!
You start waiting.
Done waiting.
Crazy Yiuf shouts!
Press: ? - help, v - describe, . - travel
Here: Crazy Yiuf, wielding a +3 quarterstaff of chaos and wearing a +0 cloak (fire blocked by a runed translucent door)
The floor.
As you open the door, it creaks loudly!
You hit Crazy Yiuf.
Crazy Yiuf is moderately wounded.
Crazy Yiuf whimpers, "Castle pizzabubble sing-song!"
Crazy Yiuf hits you with a +3 quarterstaff of chaos.
Crazy Yiuf freezes you.
You completely miss Crazy Yiuf.
Crazy Yiuf is moderately wounded.
Crazy Yiuf barely misses you.
Crazy Yiuf screams, "Leather Hive agre!"
You barely miss Crazy Yiuf.
Crazy Yiuf is moderately wounded.
Crazy Yiuf hits you with a +3 quarterstaff of chaos.
Crazy Yiuf freezes you.
Crazy Yiuf hits you with a +3 quarterstaff of chaos.
You convulse.
You hit Crazy Yiuf.
Crazy Yiuf is heavily wounded.
Crazy Yiuf whimpers, "Seed tired blue!"
Crazy Yiuf hits you with a +3 quarterstaff of chaos.
You are lethally poisoned!
Really quaff
e - a potion of curing {@q1 !q}?
You feel better.
Crazy Yiuf hits you with a +3 quarterstaff of chaos.
Crazy Yiuf burns you.
You hit Crazy Yiuf.
Crazy Yiuf is severely wounded.
Crazy Yiuf hits you with a +3 quarterstaff of chaos.
You are electrocuted!!
Ouch! That really hurt!
You die...

...#..............#
...#..............####
...#.................##
...##.............##..#
...##################.#
...# #.## .###
♣♣♣♣♣##..# ..# ###
♣♣♣g♣.♣..#.# ..####
#...#♣..♣@...)..#
.....#
#...'.♣♣♣♣......#
.....# #)..#♣♣ ♣♣.)..##
....## ### ♣♣#### #...#
...## .#..#############
.##.#.#.........#
###.#.#.........#


You could see Crazy Yiuf.

Vanquished Creatures
  2 adders (D:3)
  An adder skeleton (D:2)
  2 worms (D:2)
  A dart slug (D:3)
  2 orcs (D:3)
  8 endoplasms
  A giant cockroach (D:3)
  4 goblins
  4 hobgoblins
  7 jackals
  3 kobolds
  4 quokkas
  3 ball pythons
  3 bats
  3 frilled lizards (D:1)
  3 rats
51 creatures vanquished.

Vanquished Creatures (others)
  5 plants
5 creatures vanquished.

Grand Total: 56 creatures vanquished

Notes
Turn   | Place    | Note
-------+----------+-------------------------------------------
     0 | Abyss:1  | EnegeticOcto the Demonspawn Abyssal Knight began the quest
                  | for the Orb.
     0 | Abyss:1  | Reached XP level 1. HP: 18/18 MP: 2/2
    53 | D:1      | Escaped the Abyss
   301 | D:1      | Reached skill level 2 in Maces & Flails
   600 | D:1      | Gained mutation: You sometimes gain a little power by
                  | taking damage. [demonic ancestry]
   600 | D:1      | Reached XP level 2. HP: 20/24 MP: 3/3
  1161 | D:2      | Reached ** piety under Lugonu
  1194 | D:2      | Reached skill level 3 in Maces & Flails
  1527 | D:1      | Gained mutation: You are partially covered in yellow
                  | scales. (AC +2) [demonic ancestry]
  1527 | D:1      | Reached XP level 3. HP: 28/29 MP: 4/4
  1832 | D:2      | Found a faded altar of an unknown god.
  1998 | D:2      | Found a basalt altar of Yredelemnul.
  2414 | D:2      | Found a runed translucent door.
  2415 | D:2      | Noticed Crazy Yiuf
  2646 | D:3      | Found a large runed translucent door.
  2646 | D:3      | Found a large runed translucent door.
  3003 | D:3      | Reached XP level 4. HP: 29/35 MP: 5/5
  3146 | D:3      | Reached skill level 4 in Maces & Flails
  3316 | D:3      | Reached skill level 2 in Armour
  3735 | D:3      | Found an ancient bone altar of Kikubaaqudgha.
  3738 | D:3      | Found a hazy altar of Hepliaklqana.
  3928 | D:2      | Mangled by Crazy Yiuf

Illustrated notes

Levels and vault maps discovered:
D:1:      minmay_arrival_four_circles, layout_basic, serial_forest,
          infiniplex_forest_lined_room_3, infiniplex_forest_clump_cross,
          infiniplex_forest_end_1, infiniplex_forest_lined_room_3,
          infiniplex_forest_straight_1, infiniplex_forest_clump_curved,
          infiniplex_forest_side_room, infiniplex_forest_clump_medium
D:2:      layout_rooms, dreamdust_ecumenical_altar_grove, basic_altar,
          uniq_crazy_yiuf_cottage
D:3:      layout_loops_cross, jmf_multi_god_temple2

Skill      XL: |  1  2  3  4 |
---------------+-------------+-----
Maces & Flails | 2 3 4 |  4.0
Armour         | 2 |  2.0
Fighting       | |  3.1
Dodging        | |  0.8
Stealth        | |  0.4
Invocations    | |  2.4

Action                   |  1- 3 |  4- 6 || total
-------------------------+-------+-------++-------
Melee: Mace              |   142 |    27 ||   169
Throw: Stone             |     8 |       ||     8
       Dart              |    15 |     1 ||    16
  Use: Scroll            |     1 |     2 ||     3
       Potion            |       |     1 ||     1
Armor: Plate armour      |   133 |    16 ||   149
       Leather armour    |     4 |       ||     4
Dodge: Dodged            |    30 |     4 ||    34

Table legend: (Time is in decaauts)
 A = Elapsed time spent in this place.
 B = Non-inter-level travel time spent in this place.
 C = Inter-level travel time spent in this place.
 D = Time resting spent in this place.
 E = Time spent auto-exploring this place.
 F = Levels seen in this place.
 G = Mean time per level.
                   A        B        C        D        E       F      G
               +--------+--------+--------+--------+--------+-----+--------+
         Total |   3971 |   3773 |    198 |    889 |   2271 |   5 |  794.2 |
       Dungeon |   3919 |   3721 |    198 |    889 |   2271 |   3 | 1306.3 |
         Abyss |     52 |     52 |      0 |      0 |      0 |   2 |   26.0 |
               +--------+--------+--------+--------+--------+-----+--------+

Top non-repeatable levels by time:
     D:2: 1512 daAuts
     D:1: 1238 daAuts
     D:3: 1168 daAuts
 Abyss:1: 28 daAuts
 Abyss:2: 24 daAuts
